Flames vs Capitals
Created - 28 novembre 2013 at 19:00
Goals
|
| Flames |
1 |
3 |
2 |
6 |
| Capitals |
1 |
1 |
0 |
2 |
|
Shots
|
| Flames |
11 |
10 |
13 |
34 |
| Capitals |
18 |
9 |
3 |
30 |
|
1st period
1. Flames , David Backes 7 (Eric Staal, Alexander Semin) at 7:06
2. Capitals , Thomas Vanek 8 (Nicklas Backstrom) at 14:21
Penalties :
Steve Sullivan (Was) for Tripping (Minor) at 12:04
2nd period
3. Flames , Josef Vasicek 6 (David Backes, Brett Lebda) at 11:31
4. Flames , Mike Leclerc 4 (Marcel Goc, Niklas Kronwall) at 12:20
5. Capitals , Nicklas Backstrom 6 (Ales Hemsky, Brian Rafalski) at 13:36
6. Flames , Josef Vasicek 7 (Jordin Tootoo, Mark Bell) at 18:31
Penalties :
Bryce Salvador (Was) for Roughing (Minor) at 4:07, Ales Hemsky (Was) for Holding (Minor) at 14:21
3rd period
7. Flames , Petr Schastlivy 4 (Michal Handzus) at 1:09
8. Flames , Eric Staal 16 (Alexander Semin, Tomas Kaberle) at 9:50 (PP)
Penalties :
Thomas Vanek (Was) for Roughing (Minor) at 9:14, Braydon Coburn (Was) for Fighting (Major) at 9:53, Brett Lebda (Cal) for Fighting (Major) at 9:53, Eric Staal (Cal) for Tripping (Minor) at 16:42
Goalie Stats
Pekka Rinne (Cal), 28 saves from 30 shots - (0,933), W, 6-4-1, 60:00 minutes
Nikolai Khabibulin (Was), 28 saves from 34 shots - (0,824), L, 4-3-0, 60:00 minutes
Players Stats for Flames
Player Name G A P +/- PIM S H SB GA TA FO MP PP MP PK MP
------------------------------------------------------------------------------------
Alexander Semin 0 2 2 1 0 6 2 0 0 1 0/1 21:58 3:23 0:31
Branko Radivojevic 0 0 0 0 0 2 2 0 0 0 0/0 9:07 0:03 0:00
Brett Lebda 0 1 1 4 5 2 1 0 0 1 0/0 20:35 2:42 0:38
David Backes 1 1 2 1 0 3 2 1 2 1 0/1 21:24 3:23 0:00
Eric Staal 1 1 2 1 2 5 3 2 0 0 16/32 21:26 3:23 0:00
Erik Johnson 0 0 0 4 0 0 1 3 0 0 0/0 20:44 3:51 0:38
Jordin Tootoo 0 1 1 1 0 1 2 0 0 0 0/0 11:19 0:00 0:34
Josef Vasicek 2 0 2 1 0 2 4 0 1 0 3/4 14:14 3:07 0:19
Marcel Goc 0 1 1 0 0 1 0 0 0 0 2/6 9:03 0:00 0:00
Mark Bell 0 1 1 1 0 1 1 0 0 0 0/0 13:52 3:07 0:00
Michal Handzus 0 1 1 1 0 3 0 0 1 0 3/9 14:41 0:00 1:06
Mike Leclerc 1 0 1 0 0 1 0 0 0 0 0/0 10:13 0:03 1:06
Milan Hejduk 0 0 0 1 0 2 0 1 0 0 1/1 16:42 3:07 0:00
Niklas Kronwall 0 1 1 0 0 0 1 1 0 0 0/0 16:46 2:42 0:00
Petr Schastlivy 1 0 1 1 0 2 2 0 1 0 0/3 14:01 0:03 0:22
Ron Hainsey 0 0 0 0 0 0 0 0 0 1 0/0 13:08 0:00 1:21
Steve Eminger 0 0 0 -1 0 0 2 0 0 2 0/0 24:21 0:00 1:21
Tomas Kaberle 0 1 1 -1 0 3 2 1 0 0 0/0 24:25 3:51 0:00
Players Stats for Capitals
Player Name G A P +/- PIM S H SB GA TA FO MP PP MP PK MP
------------------------------------------------------------------------------------
Ales Hemsky 0 1 1 2 2 1 2 1 0 2 0/0 15:12 0:00 0:00
Anton Volchenkov 0 0 0 -1 0 0 1 2 1 0 0/0 8:21 0:00 1:16
Bobby Ryan 0 0 0 -3 0 1 2 0 0 0 1/1 18:01 1:12 0:00
Braydon Coburn 0 0 0 -2 5 1 6 0 0 0 0/0 23:37 0:53 3:27
Brian Rafalski 0 1 1 -1 0 4 1 0 0 1 0/0 24:37 1:21 4:48
Brooks Laich 0 0 0 -2 0 3 0 0 1 0 0/3 14:36 0:47 1:07
Bryce Salvador 0 0 0 -1 2 1 1 0 0 1 0/0 22:19 0:38 1:20
Chris Kunitz 0 0 0 0 0 1 2 0 0 0 0/0 8:39 0:00 0:08
Ed Jovanovski 0 0 0 0 0 2 0 0 0 0 0/0 13:51 1:06 0:27
Evgeni Malkin 0 0 0 -3 0 2 5 0 3 0 21/33 21:36 1:12 3:38
James Van Riemsdyk 0 0 0 -2 0 0 2 1 0 0 0/0 15:08 0:00 1:36
Nicklas Backstrom 1 1 2 2 0 4 0 0 0 0 8/15 14:17 0:47 0:00
Peter Regin 0 0 0 0 0 3 0 0 0 0 0/2 8:30 0:00 0:00
Pierre-Alexandre Parente 0 0 0 0 0 0 4 0 0 0 0/0 8:30 0:00 0:00
Ryan Suter 0 0 0 -1 0 0 3 2 0 1 0/0 24:36 0:00 1:48
Steve Sullivan 0 0 0 -2 2 2 2 0 0 0 0/0 13:52 0:00 1:11
Thomas Vanek 1 0 1 2 2 2 2 0 0 0 1/2 16:04 0:47 1:48
Zach Parise 0 0 0 -3 0 3 3 1 1 0 1/1 21:36 1:12 3:38
3 Stars
1 - Josef Vasicek (Cal)
2 - David Backes (Cal)
3 - Nicklas Backstrom (Was)
Power Play
Flames - 1 on 4 Attempt(s) - 25,00%
Capitals - 0 on 1 Attempt(s) - 0,00%
Penalty Kill
Flames - 1 on 1 Attempt(s) - 100,00%
- Score 0 goal in Penalty Kill
Capitals - 3 on 4 Attempt(s) - 75,00%
- Score 0 goal in Penalty Kill
Official
Referees : Hebert Ghislain and McCauley Wes
Linesman : Vaughan Rody and Bryan Pancich
Game Notes
Anton Volchenkov is injured at 17:27 of 1st period (Left Wrist)
Braydon Coburn and Brett Lebda fight to a draw at 9:53 of 3rd period
Finance
Level 1 -- Attendance: 6000 (100,00%) -- Ticket Income 456 000 $
Level 2 -- Attendance: 4512 (90,24%) -- Ticket Income 189 504 $
Level 3 -- Attendance: 2000 (100,00%) -- Ticket Income 52 000 $
Level 4 -- Attendance: 3729 (93,23%) -- Ticket Income 63 393 $
Luxury Box -- Attendance: 917 (91,70%) -- Ticket Income 148 554 $
Game was played at the Verizon Center
Total Attendance: 17158 (95,32%)
Total Ticket Income: 909 451 $
Other Income: 136 418 $
Total Income: 1 045 869 $
Flames
5 vs 5 Forward
Center Left Wing Right Wing Time % Phy DF OF
1 Eric Staal Alexander Semin David Backes 40 1 2 2
2 Michal Handzus Petr Schastlivy Milan Hejduk 30 1 2 2
3 Josef Vasicek Mark Bell Jordin Tootoo 20 1 2 2
4 Marcel Goc Mike Leclerc Branko Radivojevic 10 1 2 2
5 vs 5 Defense
Defense Defense Time % Phy DF OF
1 Tomas Kaberle Steve Eminger 40 1 2 2
2 Brett Lebda Erik Johnson 30 1 2 2
3 Ron Hainsey Niklas Kronwall 20 1 2 2
4 Brett Lebda Steve Eminger 10 1 2 2
PowerPlay Forward
Center Left Wing Right Wing Time % Phy DF OF
1 Eric Staal Alexander Semin David Backes 60 1 1 3
2 Josef Vasicek Mark Bell Milan Hejduk 40 1 1 3
PowerPlay Defense
Defense Defense Time % Phy DF OF
1 Tomas Kaberle Erik Johnson 60 1 1 3
2 Brett Lebda Niklas Kronwall 40 1 1 3
Penalty Kill 4 Players Forward
Center Wing Time % Phy DF OF
1 Michal Handzus Mike Leclerc 60 1 3 1
2 Eric Staal Petr Schastlivy 40 1 3 1
Penalty Kill 4 Players Defense
Defense Defense Time % Phy DF OF
1 Ron Hainsey Steve Eminger 60 1 3 1
2 Brett Lebda Erik Johnson 40 1 3 1
Penalty Kill - 3 Players Forward
Forward Time % Phy DF OF
1 Michal Handzus 60 1 3 1
2 Eric Staal 40 1 3 1
Penalty Kill - 3 Players Defense
Defense Defense Time % Phy DF OF
1 Ron Hainsey Steve Eminger 60 1 4 0
2 Brett Lebda Erik Johnson 40 1 4 0
4 vs 4 Forward
Center Wing Time % Phy DF OF
1 Eric Staal Alexander Semin 60 1 2 2
2 Michal Handzus Milan Hejduk 40 1 2 2
4 vs 4 Defense
Defense Defense Time % Phy DF OF
1 Tomas Kaberle Steve Eminger 60 1 2 2
2 Brett Lebda Erik Johnson 40 1 2 2
Last Minutes Offensive
Center Left Wing Right Wing Defense Defense
Eric Staal Alexander Semin David Backes Tomas Kaberle Steve Eminger
Last Minutes Defensive
Center Left Wing Right Wing Defense Defense
Eric Staal Mike Leclerc David Backes Ron Hainsey Steve Eminger
Goaltenders
Starting : Pekka Rinne
Backup : Craig Anderson
Extra Forwards
Normal : Milan Hejduk, Mark Bell, Petr Schastlivy - PP : Milan Hejduk, Petr Schastlivy - PK : Jordin Tootoo
Extra Defensemen
Normal : Niklas Kronwall, Erik Johnson, Brett Lebda - PP : Erik Johnson - PK : Brett Lebda, Erik Johnson
Penalty Shots
Eric Staal, David Backes, Alexander Semin, Milan Hejduk, Marcel Goc
Capitals
5 vs 5 Forward
Center Left Wing Right Wing Time % Phy DF OF
1 Evgeni Malkin Zach Parise Bobby Ryan 40 0 1 4
2 Nicklas Backstrom Thomas Vanek Ales Hemsky 30 0 1 4
3 Brooks Laich Steve Sullivan James Van Riemsdyk 20 1 2 2
4 Peter Regin Chris Kunitz Pierre-Alexandre Parentea10 1 2 2
5 vs 5 Defense
Defense Defense Time % Phy DF OF
1 Anton Volchenkov Ryan Suter 40 1 1 3
2 Braydon Coburn Bryce Salvador 30 1 3 1
3 Ed Jovanovski Brian Rafalski 20 0 2 3
4 Anton Volchenkov Brian Rafalski 10 1 2 2
PowerPlay Forward
Center Left Wing Right Wing Time % Phy DF OF
1 Evgeni Malkin Zach Parise Bobby Ryan 60 0 0 5
2 Brooks Laich Thomas Vanek Nicklas Backstrom 40 0 1 4
PowerPlay Defense
Defense Defense Time % Phy DF OF
1 Anton Volchenkov Brian Rafalski 60 0 1 4
2 Braydon Coburn Bryce Salvador 40 0 2 3
Penalty Kill 4 Players Forward
Center Wing Time % Phy DF OF
1 Evgeni Malkin Zach Parise 60 1 2 2
2 Thomas Vanek Steve Sullivan 40 1 2 2
Penalty Kill 4 Players Defense
Defense Defense Time % Phy DF OF
1 Anton Volchenkov Brian Rafalski 60 1 2 2
2 Braydon Coburn Bryce Salvador 40 1 2 2
Penalty Kill - 3 Players Forward
Forward Time % Phy DF OF
1 Evgeni Malkin 60 1 2 2
2 Zach Parise 40 1 2 2
Penalty Kill - 3 Players Defense
Defense Defense Time % Phy DF OF
1 Anton Volchenkov Brian Rafalski 60 1 2 2
2 Braydon Coburn Bryce Salvador 40 1 2 2
4 vs 4 Forward
Center Wing Time % Phy DF OF
1 Evgeni Malkin Zach Parise 60 1 2 2
2 Thomas Vanek Steve Sullivan 40 1 2 2
4 vs 4 Defense
Defense Defense Time % Phy DF OF
1 Anton Volchenkov Brian Rafalski 60 1 2 2
2 Braydon Coburn Bryce Salvador 40 1 2 2
Last Minutes Offensive
Center Left Wing Right Wing Defense Defense
Evgeni Malkin Zach Parise Bobby Ryan Anton Volchenkov Brian Rafalski
Last Minutes Defensive
Center Left Wing Right Wing Defense Defense
Evgeni Malkin Zach Parise Bobby Ryan Anton Volchenkov Brian Rafalski
Goaltenders
Starting : Nikolai Khabibulin
Backup : Niklas Backstrom
Extra Forwards
Normal : Evgeni Malkin, Zach Parise, Bobby Ryan - PP : Evgeni Malkin, Zach Parise - PK : Evgeni Malkin
Extra Defensemen
Normal : Anton Volchenkov, Ryan Suter, Braydon Coburn - PP : Ed Jovanovski - PK : Ryan Suter, Braydon Coburn
Penalty Shots
Evgeni Malkin, Zach Parise, Thomas Vanek, Nicklas Backstrom, Bobby Ryan
% Time on Ice - Flames
Lines # - Real PCT - Wanted PCT - Time Play
Normal Forward
1 - 35% - 40% - 18:05
2 - 26% - 30% - 13:35
3 - 21% - 20% - 10:45
4 - 18% - 10% - 9:03
Normal Defense
1 - 39% - 40% - 20:16
2 - 33% - 30% - 17:02
3 - 21% - 20% - 10:40
4 - 7% - 10% - 3:30
PP Forward
1 - 52% - 60% - 3:26
2 - 48% - 40% - 3:07
PP Defense
1 - 59% - 60% - 3:51
2 - 41% - 40% - 2:42
PK Forward
1 - 82% - 60% - 1:37
2 - 18% - 40% - 0:22
PK Defense
1 - 68% - 60% - 1:21
2 - 32% - 40% - 0:38
PK3 Forward
1 - 0% - 60%
2 - 0% - 40%
PK3 Defense
1 - 0% - 60%
2 - 0% - 40%
44 Forward
1 - 0% - 60%
2 - 0% - 40%
44 Defense
1 - 0% - 60%
2 - 0% - 40%
Last Minute Offensive - 0:00
Last Minute Defensive - 0:00
Total
Forward - 60:00
Defense - 60:00
|
% Time on Ice - Capitals
Lines # - Real PCT - Wanted PCT - Time Play
Normal Forward
1 - 33% - 40% - 16:47
2 - 26% - 30% - 13:30
3 - 25% - 20% - 12:41
4 - 17% - 10% - 8:30
Normal Defense
1 - 44% - 40% - 22:31
2 - 27% - 30% - 13:46
3 - 18% - 20% - 9:20
4 - 11% - 10% - 5:51
PP Forward
1 - 61% - 60% - 1:12
2 - 39% - 40% - 0:47
PP Defense
1 - 68% - 60% - 1:21
2 - 32% - 40% - 0:38
PK Forward
1 - 73% - 60% - 4:45
2 - 27% - 40% - 1:48
PK Defense
1 - 80% - 60% - 5:15
2 - 20% - 40% - 1:18
PK3 Forward
1 - 0% - 60%
2 - 0% - 40%
PK3 Defense
1 - 0% - 60%
2 - 0% - 40%
44 Forward
1 - 0% - 60%
2 - 0% - 40%
44 Defense
1 - 0% - 60%
2 - 0% - 40%
Last Minute Offensive - 0:00
Last Minute Defensive - 0:00
Total
Forward - 60:00
Defense - 60:00
|
Play by Play
1st period
0:01 of 1st period - Evgeni Malkin wins face-off versus Eric Staal in neutral zone.
1:00 of 1st period - Snap shot by Peter Regin.
1:00 of 1st period - Stopped by Pekka Rinne with a rebound.
1:42 of 1st period - Zach Parise is hit by Eric Staal and loses puck.
2:19 of 1st period - Snap shot by Chris Kunitz.
2:19 of 1st period - Stopped by Pekka Rinne without a rebound.
2:20 of 1st period - Eric Staal wins face-off versus Peter Regin in Flames zone.
2:44 of 1st period - Wrist shot by Peter Regin.
2:44 of 1st period - Stopped by Pekka Rinne without a rebound.
2:45 of 1st period - Evgeni Malkin wins face-off versus Michal Handzus in Flames zone.
3:00 of 1st period - Snap shot by Zach Parise.
3:00 of 1st period - Stopped by Pekka Rinne without a rebound.
3:01 of 1st period - Eric Staal wins face-off versus Nicklas Backstrom in Flames zone.
3:38 of 1st period - Wrist shot by Zach Parise.
3:38 of 1st period - Stopped by Pekka Rinne with a rebound.
3:45 of 1st period - Icing by Milan Hejduk.
3:46 of 1st period - Josef Vasicek wins face-off versus Brooks Laich in Flames zone.
4:01 of 1st period - Mark Bell is hit by Bryce Salvador and loses puck.
4:22 of 1st period - Snap shot by Thomas Vanek.
4:22 of 1st period - Shot Misses the Net.
4:40 of 1st period - Bobby Ryan is hit by Jordin Tootoo.
4:43 of 1st period - Icing by Evgeni Malkin.
4:44 of 1st period - Evgeni Malkin wins face-off versus Eric Staal in Capitals zone.
5:15 of 1st period - Snap shot by Nicklas Backstrom.
5:15 of 1st period - Stopped by Pekka Rinne with a rebound.
5:31 of 1st period - Snap shot by Steve Sullivan.
5:31 of 1st period - Stopped by Pekka Rinne with a rebound.
5:33 of 1st period - Slapshot by Braydon Coburn.
5:33 of 1st period - Shot Misses the Net.
5:35 of 1st period - Snap shot by Braydon Coburn.
5:35 of 1st period - Deflect By Mike Leclerc.
5:35 of 1st period - Stopped by Pekka Rinne without a rebound.
5:36 of 1st period - Evgeni Malkin wins face-off versus Eric Staal in Flames zone.
5:49 of 1st period - Zach Parise is hit by Alexander Semin and loses puck.
6:45 of 1st period - Chris Kunitz is hit by Josef Vasicek and loses puck.
7:06 of 1st period - Slapshot by Eric Staal.
7:06 of 1st period - Deflect By David Backes.
7:06 of 1st period - Goal by David Backes - Flames : 1 - Capitals : 0.
7:07 of 1st period - Evgeni Malkin wins face-off versus Eric Staal in neutral zone.
7:12 of 1st period - Snap shot by Zach Parise.
7:12 of 1st period - Shot Misses the Net.
7:34 of 1st period - Steve Eminger is hit by Anton Volchenkov and loses puck.
8:19 of 1st period - Slapshot by Brian Rafalski.
8:19 of 1st period - Stopped by Pekka Rinne with a rebound.
8:21 of 1st period - Slapshot by Brian Rafalski.
8:21 of 1st period - Stopped by Pekka Rinne without a rebound.
8:22 of 1st period - Zach Parise wins face-off versus Eric Staal in Flames zone.
8:30 of 1st period - Off-side.
8:31 of 1st period - Evgeni Malkin wins face-off versus Eric Staal in neutral zone.
8:38 of 1st period - Snap shot by Evgeni Malkin.
8:38 of 1st period - Stopped by Pekka Rinne with a rebound.
8:40 of 1st period - Wrist shot by Evgeni Malkin.
8:40 of 1st period - Shot Blocked by Eric Staal.
8:58 of 1st period - Slapshot by Alexander Semin.
8:58 of 1st period - Shot Misses the Net.
9:03 of 1st period - Off-side.
9:04 of 1st period - Michal Handzus wins face-off versus Nicklas Backstrom in neutral zone.
9:17 of 1st period - Petr Schastlivy is hit by Ryan Suter and loses puck.
9:36 of 1st period - Slapshot by Branko Radivojevic.
9:36 of 1st period - Shot Misses the Net.
9:38 of 1st period - Snap shot by Mike Leclerc.
9:38 of 1st period - Shot Blocked by Ryan Suter.
10:26 of 1st period - Tomas Kaberle is hit by Evgeni Malkin and loses puck.
10:43 of 1st period - Wrist shot by Thomas Vanek.
10:43 of 1st period - Shot Misses the Net.
10:45 of 1st period - Slapshot by Ed Jovanovski.
10:45 of 1st period - Stopped by Pekka Rinne with a rebound.
10:47 of 1st period - Slapshot by Ed Jovanovski.
10:47 of 1st period - Shot Blocked by Milan Hejduk.
10:49 of 1st period - Wrist shot by Nicklas Backstrom.
10:49 of 1st period - Stopped by Pekka Rinne with a rebound.
10:51 of 1st period - Snap shot by Thomas Vanek.
10:51 of 1st period - Stopped by Pekka Rinne with a rebound.
11:05 of 1st period - Slapshot by Tomas Kaberle.
11:05 of 1st period - Stopped by Nikolai Khabibulin with a rebound.
11:07 of 1st period - Slapshot by Tomas Kaberle.
11:07 of 1st period - Deflect By Peter Regin.
11:07 of 1st period - Stopped by Nikolai Khabibulin without a rebound.
11:08 of 1st period - Evgeni Malkin wins face-off versus Marcel Goc in Capitals zone.
11:19 of 1st period - Snap shot by Marcel Goc.
11:19 of 1st period - Shot Misses the Net.
11:59 of 1st period - Alexander Semin is hit by James Van Riemsdyk.
12:04 of 1st period - Minor Penalty to Steve Sullivan for Tripping.
12:05 of 1st period - Evgeni Malkin wins face-off versus Josef Vasicek in Capitals zone.
12:10 of 1st period - Erik Johnson is hit by Brian Rafalski and loses puck.
12:17 of 1st period - Anton Volchenkov is hit by Josef Vasicek and loses puck.
13:12 of 1st period - Snap shot by Thomas Vanek.
13:12 of 1st period - Shot Blocked by Erik Johnson.
14:04 of 1st period - Penalty to Steve Sullivan is over, Steve Sullivan is back on ice.
14:10 of 1st period - Mike Leclerc is hit by Ryan Suter and loses puck.
14:17 of 1st period - Wrist shot by Peter Regin.
14:17 of 1st period - Stopped by Pekka Rinne without a rebound.
14:18 of 1st period - Nicklas Backstrom wins face-off versus Marcel Goc in Flames zone.
14:21 of 1st period - Snap shot by Thomas Vanek.
14:21 of 1st period - Goal by Thomas Vanek - Flames : 1 - Capitals : 1.
14:22 of 1st period - Evgeni Malkin wins face-off versus Eric Staal in neutral zone.
14:37 of 1st period - Snap shot by Alexander Semin.
14:37 of 1st period - Stopped by Nikolai Khabibulin with a rebound.
15:32 of 1st period - Off-side.
15:33 of 1st period - Marcel Goc wins face-off versus Peter Regin in neutral zone.
15:36 of 1st period - Braydon Coburn is hit by Erik Johnson and loses puck.
16:06 of 1st period - Wrist shot by Michal Handzus.
16:06 of 1st period - Stopped by Nikolai Khabibulin without a rebound.
16:07 of 1st period - Eric Staal wins face-off versus Evgeni Malkin in Capitals zone.
16:23 of 1st period - Wrist shot by Zach Parise.
16:23 of 1st period - Stopped by Pekka Rinne without a rebound.
16:24 of 1st period - Nicklas Backstrom wins face-off versus Michal Handzus in Flames zone.
16:59 of 1st period - Slapshot by Tomas Kaberle.
16:59 of 1st period - Stopped by Nikolai Khabibulin with a rebound.
17:01 of 1st period - Slapshot by Petr Schastlivy.
17:01 of 1st period - Shot Hit the Post.
17:03 of 1st period - Slapshot by Steve Eminger.
17:03 of 1st period - Shot Blocked by Anton Volchenkov.
17:07 of 1st period - Snap shot by Michal Handzus.
17:07 of 1st period - Shot Misses the Net.
17:11 of 1st period - Slapshot by Milan Hejduk.
17:11 of 1st period - Shot Misses the Net.
17:13 of 1st period - Backhand shot by Tomas Kaberle.
17:13 of 1st period - Shot Misses the Net.
17:15 of 1st period - Slapshot by Brett Lebda.
17:15 of 1st period - Stopped by Nikolai Khabibulin with a rebound.
17:17 of 1st period - Snap shot by Milan Hejduk.
17:17 of 1st period - Shot Blocked by James Van Riemsdyk.
17:25 of 1st period - Wrist shot by Milan Hejduk.
17:25 of 1st period - Stopped by Nikolai Khabibulin with a rebound.
17:27 of 1st period - Wrist shot by Milan Hejduk.
17:27 of 1st period - Shot Blocked by Anton Volchenkov.
17:27 of 1st period - Anton Volchenkov from Capitals is injured at 17:27 of 1st period (Left Wrist).
17:28 of 1st period - Evgeni Malkin wins face-off versus Eric Staal in Capitals zone.
17:41 of 1st period - Snap shot by Alexander Semin.
17:41 of 1st period - Deflect By Evgeni Malkin.
17:41 of 1st period - Stopped by Nikolai Khabibulin with a rebound.
17:55 of 1st period - Milan Hejduk is hit by Thomas Vanek and loses puck.
18:19 of 1st period - Snap shot by Brooks Laich.
18:19 of 1st period - Stopped by Pekka Rinne without a rebound.
18:20 of 1st period - Eric Staal wins face-off versus Evgeni Malkin in Flames zone.
18:20 of 1st period - Eric Staal is hit by Bobby Ryan.
18:26 of 1st period - Bryce Salvador is hit by Eric Staal and loses puck.
18:47 of 1st period - Bryce Salvador is hit by Jordin Tootoo and loses puck.
19:15 of 1st period - Icing by Braydon Coburn.
19:16 of 1st period - Marcel Goc wins face-off versus Brooks Laich in Capitals zone.
19:31 of 1st period - Wrist shot by Marcel Goc.
19:31 of 1st period - Deflect By Branko Radivojevic.
19:31 of 1st period - Stopped by Nikolai Khabibulin without a rebound.
19:32 of 1st period - Eric Staal wins face-off versus Evgeni Malkin in Capitals zone.
19:43 of 1st period - Slapshot by Eric Staal.
19:43 of 1st period - Stopped by Nikolai Khabibulin without a rebound.
19:44 of 1st period - Evgeni Malkin wins face-off versus Eric Staal in Capitals zone.
19:54 of 1st period - Alexander Semin is hit by Evgeni Malkin and loses puck.
2nd period
0:01 of 2nd period - Eric Staal wins face-off versus Evgeni Malkin in neutral zone.
0:23 of 2nd period - Brett Lebda is hit by Braydon Coburn and loses puck.
0:40 of 2nd period - Snap shot by Bobby Ryan.
0:40 of 2nd period - Shot Hit the Post.
0:45 of 2nd period - Off-side.
0:46 of 2nd period - Milan Hejduk wins face-off versus Nicklas Backstrom in neutral zone.
1:01 of 2nd period - Thomas Vanek is hit by Tomas Kaberle and loses puck.
1:12 of 2nd period - Mark Bell is hit by Steve Sullivan and loses puck.
3:13 of 2nd period - Steve Eminger is hit by Braydon Coburn and loses puck.
3:28 of 2nd period - Wrist shot by Eric Staal.
3:28 of 2nd period - Shot Misses the Net.
3:30 of 2nd period - Snap shot by David Backes.
3:30 of 2nd period - Stopped by Nikolai Khabibulin without a rebound.
3:31 of 2nd period - Nicklas Backstrom wins face-off versus Michal Handzus in Capitals zone.
3:36 of 2nd period - Petr Schastlivy is hit by Braydon Coburn and loses puck.
3:55 of 2nd period - Eric Staal is hit by Evgeni Malkin and loses puck.
4:07 of 2nd period - Minor Penalty to Bryce Salvador for Roughing.
4:08 of 2nd period - Eric Staal wins face-off versus Evgeni Malkin in Capitals zone.
4:09 of 2nd period - Slapshot by David Backes.
4:09 of 2nd period - Shot Misses the Net.
6:07 of 2nd period - Penalty to Bryce Salvador is over, Bryce Salvador is back on ice.
6:31 of 2nd period - Snap shot by Thomas Vanek.
6:31 of 2nd period - Shot Misses the Net.
7:07 of 2nd period - Bobby Ryan is hit by Branko Radivojevic and loses puck.
7:20 of 2nd period - Eric Staal is hit by Pierre-Alexandre Parenteau.
7:50 of 2nd period - Snap shot by Brooks Laich.
7:50 of 2nd period - Stopped by Pekka Rinne without a rebound.
7:51 of 2nd period - Eric Staal wins face-off versus Nicklas Backstrom in Flames zone.
8:04 of 2nd period - Thomas Vanek is hit by David Backes and loses puck.
9:03 of 2nd period - Snap shot by Petr Schastlivy.
9:03 of 2nd period - Shot Blocked by Ales Hemsky.
9:53 of 2nd period - Mike Leclerc is hit by Braydon Coburn and loses puck.
10:00 of 2nd period - Pierre-Alexandre Parenteau is hit by Branko Radivojevic and loses puck.
10:17 of 2nd period - Wrist shot by Nicklas Backstrom.
10:17 of 2nd period - Stopped by Pekka Rinne with a rebound.
10:40 of 2nd period - Wrist shot by Evgeni Malkin.
10:40 of 2nd period - Stopped by Pekka Rinne without a rebound.
10:41 of 2nd period - Eric Staal wins face-off versus Evgeni Malkin in Flames zone.
10:52 of 2nd period - Slapshot by Alexander Semin.
10:52 of 2nd period - Shot Misses the Net.
11:06 of 2nd period - Erik Johnson is hit by Pierre-Alexandre Parenteau and loses puck.
11:15 of 2nd period - Snap shot by Peter Regin.
11:15 of 2nd period - Shot Blocked by David Backes.
11:17 of 2nd period - Slapshot by Brian Rafalski.
11:17 of 2nd period - Shot Blocked by Erik Johnson.
11:19 of 2nd period - Snap shot by Peter Regin.
11:19 of 2nd period - Shot Blocked by Eric Staal.
11:31 of 2nd period - Snap shot by Josef Vasicek.
11:31 of 2nd period - Goal by Josef Vasicek - Flames : 2 - Capitals : 1.
11:32 of 2nd period - Michal Handzus wins face-off versus Evgeni Malkin in neutral zone.
11:43 of 2nd period - Slapshot by Milan Hejduk.
11:43 of 2nd period - Shot Misses the Net.
11:45 of 2nd period - Snap shot by Petr Schastlivy.
11:45 of 2nd period - Stopped by Nikolai Khabibulin with a rebound.
11:47 of 2nd period - Slapshot by Steve Eminger.
11:47 of 2nd period - Shot Misses the Net.
11:57 of 2nd period - Ryan Suter is hit by Alexander Semin and loses puck.
12:20 of 2nd period - Snap shot by Mike Leclerc.
12:20 of 2nd period - Goal by Mike Leclerc - Flames : 3 - Capitals : 1.
12:21 of 2nd period - Eric Staal wins face-off versus Nicklas Backstrom in neutral zone.
12:26 of 2nd period - Slapshot by Steve Eminger.
12:26 of 2nd period - Shot Misses the Net.
12:28 of 2nd period - Snap shot by David Backes.
12:28 of 2nd period - Shot Misses the Net.
12:46 of 2nd period - Steve Eminger is hit by Pierre-Alexandre Parenteau and loses puck.
12:51 of 2nd period - Slapshot by Chris Kunitz.
12:51 of 2nd period - Shot Misses the Net.
12:53 of 2nd period - Wrist shot by Chris Kunitz.
12:53 of 2nd period - Shot Misses the Net.
13:11 of 2nd period - Braydon Coburn is hit by Steve Eminger and loses puck.
13:36 of 2nd period - Wrist shot by Nicklas Backstrom.
13:36 of 2nd period - Goal by Nicklas Backstrom - Flames : 3 - Capitals : 2.
13:37 of 2nd period - Eric Staal wins face-off versus Evgeni Malkin in neutral zone.
13:44 of 2nd period - Snap shot by Alexander Semin.
13:44 of 2nd period - Shot Misses the Net.
14:04 of 2nd period - Snap shot by Michal Handzus.
14:04 of 2nd period - Stopped by Nikolai Khabibulin with a rebound.
14:06 of 2nd period - Slapshot by Michal Handzus.
14:06 of 2nd period - Stopped by Nikolai Khabibulin without a rebound.
14:07 of 2nd period - Nicklas Backstrom wins face-off versus Michal Handzus in Capitals zone.
14:14 of 2nd period - Slapshot by Nicklas Backstrom.
14:14 of 2nd period - Shot Misses the Net.
14:21 of 2nd period - Minor Penalty to Ales Hemsky for Holding.
14:22 of 2nd period - Evgeni Malkin wins face-off versus David Backes in Capitals zone.
15:41 of 2nd period - Mark Bell is hit by Braydon Coburn and loses puck.
15:50 of 2nd period - Snap shot by Brooks Laich.
15:50 of 2nd period - Shot Misses the Net.
15:52 of 2nd period - Snap shot by Brian Rafalski.
15:52 of 2nd period - Stopped by Pekka Rinne with a rebound.
15:54 of 2nd period - Slapshot by Brian Rafalski.
15:54 of 2nd period - Stopped by Pekka Rinne without a rebound.
15:55 of 2nd period - Evgeni Malkin wins face-off versus Eric Staal in Flames zone.
16:12 of 2nd period - Steve Sullivan is hit by David Backes and loses puck.
16:21 of 2nd period - Penalty to Ales Hemsky is over, Ales Hemsky is back on ice.
16:31 of 2nd period - Wrist shot by Branko Radivojevic.
16:31 of 2nd period - Stopped by Nikolai Khabibulin with a rebound.
16:33 of 2nd period - Slapshot by Niklas Kronwall.
16:33 of 2nd period - Shot Blocked by Zach Parise.
16:51 of 2nd period - Wrist shot by Steve Sullivan.
16:51 of 2nd period - Stopped by Pekka Rinne without a rebound.
16:52 of 2nd period - Josef Vasicek wins face-off versus Brooks Laich in Flames zone.
17:16 of 2nd period - Mark Bell is hit by Ryan Suter and loses puck.
18:12 of 2nd period - Snap shot by Steve Sullivan.
18:12 of 2nd period - Shot Misses the Net.
18:18 of 2nd period - Steve Sullivan is hit by Josef Vasicek and loses puck.
18:29 of 2nd period - Snap shot by Jordin Tootoo.
18:29 of 2nd period - Stopped by Nikolai Khabibulin with a rebound.
18:31 of 2nd period - Snap shot by Josef Vasicek.
18:31 of 2nd period - Goal by Josef Vasicek - Flames : 4 - Capitals : 2.
18:32 of 2nd period - Evgeni Malkin wins face-off versus Eric Staal in neutral zone.
18:35 of 2nd period - Slapshot by Ed Jovanovski.
18:35 of 2nd period - Shot Misses the Net.
18:45 of 2nd period - Snap shot by Eric Staal.
18:45 of 2nd period - Stopped by Nikolai Khabibulin without a rebound.
18:46 of 2nd period - Nicklas Backstrom wins face-off versus Eric Staal in Capitals zone.
19:11 of 2nd period - Tomas Kaberle is hit by Zach Parise and loses puck.
19:30 of 2nd period - Mike Leclerc is hit by Chris Kunitz and loses puck.
19:51 of 2nd period - Wrist shot by Ales Hemsky.
19:51 of 2nd period - Stopped by Pekka Rinne with a rebound.
19:53 of 2nd period - Slapshot by Bryce Salvador.
19:53 of 2nd period - Stopped by Pekka Rinne without a rebound.
19:54 of 2nd period - Eric Staal wins face-off versus Nicklas Backstrom in Flames zone.
3rd period
0:01 of 3rd period - Evgeni Malkin wins face-off versus Alexander Semin in neutral zone.
0:06 of 3rd period - Slapshot by Zach Parise.
0:06 of 3rd period - Shot Misses the Net.
1:03 of 3rd period - Snap shot by Alexander Semin.
1:03 of 3rd period - Stopped by Nikolai Khabibulin with a rebound.
1:05 of 3rd period - Snap shot by David Backes.
1:05 of 3rd period - Deflect By Alexander Semin.
1:05 of 3rd period - Stopped by Nikolai Khabibulin with a rebound.
1:07 of 3rd period - Slapshot by Brett Lebda.
1:07 of 3rd period - Stopped by Nikolai Khabibulin without a rebound.
1:08 of 3rd period - Michal Handzus wins face-off versus Evgeni Malkin in Capitals zone.
1:09 of 3rd period - Slapshot by Petr Schastlivy.
1:09 of 3rd period - Goal by Petr Schastlivy - Flames : 5 - Capitals : 2.
1:10 of 3rd period - Evgeni Malkin wins face-off versus Petr Schastlivy in neutral zone.
1:37 of 3rd period - Ales Hemsky is hit by Mark Bell.
2:21 of 3rd period - Wrist shot by Eric Staal.
2:21 of 3rd period - Stopped by Nikolai Khabibulin with a rebound.
2:23 of 3rd period - Wrist shot by Alexander Semin.
2:23 of 3rd period - Deflect By Eric Staal.
2:23 of 3rd period - Shot Misses the Net.
2:23 of 3rd period - Puck is out of play.
2:24 of 3rd period - Evgeni Malkin wins face-off versus Petr Schastlivy in Capitals zone.
3:18 of 3rd period - Snap shot by Mark Bell.
3:18 of 3rd period - Stopped by Nikolai Khabibulin without a rebound.
3:19 of 3rd period - Evgeni Malkin wins face-off versus Petr Schastlivy in Capitals zone.
4:12 of 3rd period - Alexander Semin is hit by Pierre-Alexandre Parenteau and loses puck.
5:02 of 3rd period - Michal Handzus is hit by Zach Parise and loses puck.
5:24 of 3rd period - Slapshot by Branko Radivojevic.
5:24 of 3rd period - Shot Blocked by Ryan Suter.
5:52 of 3rd period - Peter Regin is hit by Josef Vasicek.
6:31 of 3rd period - Snap shot by Alexander Semin.
6:31 of 3rd period - Stopped by Nikolai Khabibulin without a rebound.
6:32 of 3rd period - Eric Staal wins face-off versus Evgeni Malkin in Capitals zone.
6:35 of 3rd period - Snap shot by David Backes.
6:35 of 3rd period - Shot Misses the Net.
6:57 of 3rd period - Petr Schastlivy is hit by Ales Hemsky and loses puck.
7:16 of 3rd period - Snap shot by Marcel Goc.
7:16 of 3rd period - Stopped by Nikolai Khabibulin without a rebound.
7:17 of 3rd period - Evgeni Malkin wins face-off versus Marcel Goc in Capitals zone.
7:38 of 3rd period - Icing by Mike Leclerc.
7:39 of 3rd period - Nicklas Backstrom wins face-off versus Marcel Goc in Flames zone.
7:56 of 3rd period - Marcel Goc is hit by Braydon Coburn.
8:12 of 3rd period - Wrist shot by David Backes.
8:12 of 3rd period - Stopped by Nikolai Khabibulin with a rebound.
8:18 of 3rd period - Alexander Semin is hit by Evgeni Malkin.
8:28 of 3rd period - Braydon Coburn is hit by Petr Schastlivy and loses puck.
8:33 of 3rd period - Snap shot by Milan Hejduk.
8:33 of 3rd period - Stopped by Nikolai Khabibulin without a rebound.
8:34 of 3rd period - Thomas Vanek wins face-off versus Eric Staal in Capitals zone.
8:40 of 3rd period - Icing by Erik Johnson.
8:41 of 3rd period - Nicklas Backstrom wins face-off versus Eric Staal in Flames zone.
8:58 of 3rd period - Erik Johnson is hit by Ales Hemsky and loses puck.
9:14 of 3rd period - Minor Penalty to Thomas Vanek for Roughing.
9:15 of 3rd period - Josef Vasicek wins face-off versus Evgeni Malkin in Capitals zone.
9:50 of 3rd period - Wrist shot by Eric Staal.
9:50 of 3rd period - Goal by Eric Staal - Flames : 6 - Capitals : 2.
9:51 of 3rd period - Nicklas Backstrom wins face-off versus Eric Staal in neutral zone.
9:53 of 3rd period - Braydon Coburn and Brett Lebda fight to a draw.
9:53 of 3rd period - Penalty to Braydon Coburn for Fighting.
9:53 of 3rd period - Penalty to Brett Lebda for Fighting.
9:54 of 3rd period - Eric Staal wins face-off versus Evgeni Malkin in neutral zone.
11:10 of 3rd period - Slapshot by Chris Kunitz.
11:10 of 3rd period - Shot Blocked by Erik Johnson.
11:40 of 3rd period - Steve Eminger is hit by Thomas Vanek and loses puck.
12:28 of 3rd period - Niklas Kronwall is hit by Steve Sullivan and loses puck.
12:52 of 3rd period - Snap shot by Chris Kunitz.
12:52 of 3rd period - Shot Blocked by Tomas Kaberle.
13:11 of 3rd period - Brian Rafalski is hit by Petr Schastlivy and loses puck.
13:33 of 3rd period - Icing by Thomas Vanek.
13:34 of 3rd period - Eric Staal wins face-off versus Nicklas Backstrom in Capitals zone.
13:39 of 3rd period - Slapshot by Eric Staal.
13:39 of 3rd period - Stopped by Nikolai Khabibulin without a rebound.
13:40 of 3rd period - Evgeni Malkin wins face-off versus Eric Staal in Capitals zone.
14:06 of 3rd period - Thomas Vanek is hit by Niklas Kronwall and loses puck.
14:36 of 3rd period - Josef Vasicek is hit by James Van Riemsdyk and loses puck.
14:59 of 3rd period - Branko Radivojevic is hit by Zach Parise and loses puck.
15:08 of 3rd period - Slapshot by Zach Parise.
15:08 of 3rd period - Shot Misses the Net.
15:20 of 3rd period - Brian Rafalski is hit by Eric Staal and loses puck.
15:57 of 3rd period - Brooks Laich is hit by Steve Eminger and loses puck.
16:06 of 3rd period - Wrist shot by Jordin Tootoo.
16:06 of 3rd period - Shot Misses the Net.
16:16 of 3rd period - Erik Johnson is hit by Bobby Ryan and loses puck.
16:27 of 3rd period - Wrist shot by Evgeni Malkin.
16:27 of 3rd period - Shot Misses the Net.
16:29 of 3rd period - Snap shot by Bobby Ryan.
16:29 of 3rd period - Stopped by Pekka Rinne without a rebound.
16:30 of 3rd period - Eric Staal wins face-off versus Thomas Vanek in Flames zone.
16:41 of 3rd period - Wrist shot by Alexander Semin.
16:41 of 3rd period - Stopped by Nikolai Khabibulin with a rebound.
16:42 of 3rd period - Minor Penalty to Eric Staal for Tripping.
16:43 of 3rd period - Bobby Ryan wins face-off versus Michal Handzus in Flames zone.
16:56 of 3rd period - Snap shot by Bobby Ryan.
16:56 of 3rd period - Deflect By Evgeni Malkin.
16:56 of 3rd period - Shot Misses the Net.
16:56 of 3rd period - Puck is out of play.
16:57 of 3rd period - Evgeni Malkin wins face-off versus Michal Handzus in Flames zone.
17:28 of 3rd period - Slapshot by Ed Jovanovski.
17:28 of 3rd period - Stopped by Pekka Rinne with a rebound.
17:30 of 3rd period - Wrist shot by Brooks Laich.
17:30 of 3rd period - Stopped by Pekka Rinne with a rebound.
17:48 of 3rd period - Bobby Ryan is hit by Brett Lebda and loses puck.
18:42 of 3rd period - Penalty to Eric Staal is over, Eric Staal is back on ice.
18:52 of 3rd period - Brian Rafalski is hit by Tomas Kaberle and loses puck.
19:05 of 3rd period - Snap shot by Chris Kunitz.
19:05 of 3rd period - Shot Blocked by Niklas Kronwall.
19:17 of 3rd period - Milan Hejduk is hit by Chris Kunitz.
19:52 of 3rd period - Alexander Semin is hit by Evgeni Malkin and loses puck.
Output by the SimonT Hockey Simulator (STHS) for François Prévost -- Original Page W3C XHTML 1.0 Valid